 Dungeon Crawl Stone Soup version 0.22-a0-422-g9628fc87f1 (webtiles) character file.

40439 Manul the Cleaver (level 13, 0/106 HPs)
             Began as a Demonspawn Gladiator on May 19, 2018.
             Was an Initiate of Gozag.
             Succumbed to a spiny frog's poison
             ... on level 2 of the Lair of Beasts on May 20, 2018.
             The game lasted 00:30:01 (18417 turns).

Manul the Cleaver (Demonspawn Gladiator)           Turns: 18417, Time: 00:30:02

Health: 0/106      AC: 33    Str: 24    XL:     13   Next: 74%
Magic:  13/13      EV: 20    Int: 15    God:    Gozag
Gold:   1060       SH:  0    Dex: 20    Spells: 12/12 levels left

rFire    + . .     SeeInvis +   K - +7 morningstar of Nudiusuch {flame, Int+2}
rCold    . . .     Gourm    .   (no shield)
rNeg     + . .     Faith    .   B - +5 ring mail of Odaemula {rN+}
rPois    .         Spirit   .   j - +2 helmet {Int+3}
rElec    .         Reflect  .   l - +0 cloak
rCorr    .         Harm     .   s - +2 pair of gloves
MR       .....                  (boots unavailable)
Stlth    ++........             (no amulet)
HPRegen  0.27/turn              z - ring of see invisible
MPRegen  0.13/turn              h - ring of fire

@: mighty, agile, lethally poisoned (0 -> -7), sanguine armour, berserk
cooldown, flying, hasted and slowed, studying Unarmed Combat, drained
A: hooves 3, cold resistance 1, powered by death 3, sanguine armour 3
a: Potion Petition, Call Merchant, Bribe Branch, Renounce Religion


You were on level 2 of the Lair of Beasts.
You worshipped Gozag.
Gozag was most pleased with you.
You were not hungry.

You visited 4 branches of the dungeon, and saw 19 of its levels.

You collected 4794 gold pieces.
You spent 1061 gold pieces at shops.
You paid 2673 gold pieces to Gozag.

Inventory:

Hand Weapons
 a - a +1 war axe
 y - a +1 battleaxe of freezing
 A - a +2 hand axe of chopping
 D - a +0 battleaxe
 K - the +7 morningstar of Nudiusuch (weapon) {flame, Int+2}
   (You took it off an orc knight on level 12 of the Dungeon)

   It has been specially enchanted to burn those struck by it, causing extra
   injury to most foes and up to half again as much damage against particularly
   susceptible opponents.
   It affects your intelligence (+2).
Armour
 j - a +2 helmet of intelligence (worn)
 l - a +0 cloak (worn)
 o - a +0 plate armour
 s - a +2 pair of gloves (worn)
 B - the +5 ring mail of Odaemula (worn) {rN+}
   (You found it on level 12 of the Dungeon)

   It protects you from negative energy.
Jewellery
 h - a ring of fire (right hand)
 z - a ring of see invisible (left hand)
 H - an uncursed ring of positive energy
 J - an uncursed ring of positive energy
 L - an uncursed ring of protection from magic
Wands
 u - a wand of flame (66)
 w - a wand of iceblast (14)
 E - a wand of random effects (26)
 N - a wand of paralysis (15)
 O - a wand of scattershot (3)
 P - a wand of disintegration (12)
Scrolls
 b - 2 scrolls of amnesia
 c - a scroll of noise
 i - 4 scrolls of remove curse
 k - 12 scrolls of identify
 q - a scroll of fog
 r - 3 scrolls of enchant weapon
 I - 2 scrolls of enchant armour
Potions
 d - 2 potions of berserk rage {unknown}
 e - 2 potions of resistance
 g - 2 potions of lignification
 m - 4 potions of flight
 n - 2 potions of curing
 p - a potion of agility
 t - 2 potions of brilliance {unknown}
 x - a potion of degeneration {unknown}
 C - a potion of mutation {unknown}
 F - a potion of might {unknown}
Books
 M - a manual of Unarmed Combat
Comestibles
 f - 2 rations


   Skills:
 + Level 11.2(10.5) Fighting
 + Level 13.3(12.5) Axes
 - Level 1.9(1.4) Throwing
 * Level 13.1(12.4) Armour
 + Level 6.1(5.5) Dodging
 - Level 0.2(0.0) Stealth


You had 12 spell levels left.
You didn't know any spells.
Your spell library contained the following spells:

 Spells                   Type           Power        Failure   Level  Hunger
 Apportation              Tloc           #.....       36%         1    ##.....
 Bolt of Magma            Conj/Fire/Erth #.........   100%        5    ######.
 Throw Frost              Conj/Ice       #.....       50%         2    ###....
 Summon Small Mammal      Summ           #...         36%         1    ##.....
 Animate Dead             Necr           N/A          98%         4    #####..
 Pain                     Necr           #...         36%         1    ##.....
 Animate Skeleton         Necr           N/A          36%         1    ##.....
 Vampiric Draining        Necr           #.........   73%         3    ####...
 Freeze                   Ice            #...         36%         1    ##.....
 Summon Ice Beast         Ice/Summ       #.......     98%         4    #####..
 Ozocubu's Armour         Chrm/Ice       #.......     73%         3    ####...
 Regeneration             Chrm/Necr      #.........   73%         3    ####...
 Iron Shot                Conj/Erth      #.........   100%        6    #######
 Stone Arrow              Conj/Erth      #.....       73%         3    ####...
 Spider Form              Tmut/Pois      #.........   73%         3    ####...
 Blade Hands              Tmut           #.........   100%        5    ######.
 Statue Form              Tmut/Erth      #........    100%        6    #######
 Ice Form                 Ice/Tmut       #.......     98%         4    #####..
 Throw Icicle             Conj/Ice       #.......     98%         4    #####..
 Confusing Touch          Hex            #.....       36%         1    ##.....
 Passwall                 Tmut/Erth      #.........   50%         2    ###....
 Sticks to Snakes         Tmut           #.......     50%         2    ###....
 Shatter                  Erth           #.........   100%        9    #######
 Lee's Rapid Deconstruct  Erth           #.........   100%        5    ######.
 Sandblast                Erth           #.....       36%         1    ##.....
 Petrify                  Tmut/Erth      #.......     98%         4    #####..
 Leda's Liquefaction      Hex/Erth       #.........   98%         4    #####..
 Beastly Appendage        Tmut           #.....       36%         1    ##.....


Dungeon Overview and Level Annotations

Branches:
Dungeon (14/15)            Temple (1/1) D:4            Lair (2/6) D:11
    Orc (2/2) D:10            Elf (0/3) Orc:2        Vaults (0/5) D:14
  Swamp: Lair:2-4    Shoals: Lair:2-4     Snake: Lair:2-4    Spider: Lair:2-4

Altars:
Cheibriados
Dithmenos
Elyvilon
Fedhas
Gozag
Hepliaklqana
Kikubaaqudgha
Makhleb
Nemelex Xobeh
Okawaru
Qazlal
Ru
Trog
Uskayaw
Vehumet
Zin
The Shining One

Shops:
D:7 [   D:10 (!   D:14 *   Orc:1 [%[   Orc:2 %?*

Annotations:
D:10 1 runed door
D:12 2 runed doors
D:14 Rupert


Innate Abilities, Weirdness & Mutations

You have hooves in place of feet.
Your flesh is cold resistant. (rC+)
You regenerate a lot of health from kills.
When seriously injured, your bleeding wounds create very thick armour. (AC +12)


Message History

You feel more agile all of a sudden.
You feel very buoyant.
You fly up into the air.
You feel much better.
You hear the crackling of a distant melting archway.
You feel very sick.
The blink frog blinks!
The blink frog misses you.
The merfolk hits you from afar with a trident!!
* * * LOW HITPOINT WARNING * * *
The spiny frog barely misses you. The blink frog barely misses you.
The merfolk closely misses you. The spiny frog stings you.
* * * LOW HITPOINT WARNING * * *
Unknown command.
* * * LOW HITPOINT WARNING * * *
You feel sick.
The blink frog blinks!
* * * LOW HITPOINT WARNING * * *
You feel sick.
The blink frog hits you but does no damage.
* * * LOW HITPOINT WARNING * * *
You feel sick.
You die...
Your body crumbles into a pile of gold.

#.....P###..............#..##...
##.....# #..........).$.#.......
#......# #..............#......
#.....## #..(..###P..$.........
#......# #.....#.....?.........
#.....P###.....#..#............
#.....###......#........#......
#......##.........#....$.+#P..P
#...(..........@...............
#..............#.FFF...........
##.##.#...####..#F..$...........
#...##...#...#..#.mF$...........
#..###P..#...#.$##...$.P#.#####P
##.# ##..#...........$.####
##.###.<.#.......####..#
#...#P...#......#.# ##.#
#...............### #..#


You could see a merfolk, a spiny frog and 4 blink frogs.

Vanquished Creatures
  A fire dragon (D:12)
  A catoblepas (Lair:2)
  3 centaur warriors
  8 two-headed ogres
  Erica (D:9)
  An unseen horror (D:12)
  3 orc knights
  2 ugly things
  An orc sorcerer (Orc:2)
  A deep elf mage (D:14)
  3 manticores
  3 cyclopes
  A black mamba (Lair:2)
  Joseph (D:9)
  3 spiny frogs
  3 centaur skeletons
  An orange demon (Orc:2)
  3 kobold demonologists (D:14)
  3 komodo dragons
  A yaktaur (D:12)
  8 trolls
  A meliai (D:12)
  8 hippogriffs
  A spriggan (D:7)
  15 yaks
  2 wraiths (D:12)
  A wyvern (D:13)
  2 ynoxinuls (Orc:2)
  3 hungry ghosts
  A steam dragon (D:12)
  A basilisk (D:12)
  A warg (Orc:1)
  A soldier ant (D:10)
  An acid dragon (D:12)
  3 water moccasins
  21 orc warriors
  8 porcupines
  A hornet zombie (D:14)
  3 sky beasts
  An eye of draining (D:11)
  3 ice beasts
  A phantom (D:9)
  2 necrophages
  13 ogres
  A wolf (Lair:1)
  11 centaurs
  4 crocodiles
  The ghost of Ikesh the Sneak, an amateur FoEn (D:3)
  2 big kobolds
  Blork the orc (D:5)
  A gnoll sergeant (D:8)
  15 bullfrogs
  3 wyvern zombies
  3 scorpions
  16 killer bees
  A water moccasin skeleton (D:6)
  9 wights
  3 howler monkeys
  5 centaur zombies
  7 crimson imps
  3 jellies
  A bullfrog zombie (D:12)
  22 orc priests
  6 hounds
  2 bullfrog skeletons
  16 orc wizards
  3 iguanas
  Natasha (D:2)
  4 worker ants
  9 gnolls
  2 howler monkey skeletons
  10 adders
  4 shadow imps
  2 adder zombies (D:5)
  A worm (D:3)
  3 dart slugs
  5 leopard geckos
  64 orcs
  5 giant cockroaches
  9 hobgoblins
  10 jackals
  2 quokkas (D:2)
  2 ball pythons
  8 bats
  4 frilled lizards
  A giant cockroach zombie (D:7)
  13 goblins
  12 kobolds
  A leopard gecko skeleton (D:4)
  A quokka skeleton (D:8)
  6 rats (D:1)
  A plant (D:5)
462 creatures vanquished.

Vanquished Creatures (others)
  2 dancing weapons (D:14)
  An unseen horror (D:12)
  A blink frog (Lair:2)
  A crimson imp (D:14)
  A quokka (D:3)
  A kobold (D:14)
  A fungus (Lair:2)
  3 plants (D:11)
11 creatures vanquished.

Grand Total: 473 creatures vanquished

Notes
Turn   | Place    | Note
-------+----------+-------------------------------------------
     0 | D:1      | Manul the Demonspawn Gladiator began the quest for the Orb.
     0 | D:1      | Reached XP level 1. HP: 16/16 MP: 1/1
   334 | D:1      | Gained mutation: When seriously injured, your bleeding wounds create armour. (AC +12) [demonic ancestry]
   334 | D:1      | Reached XP level 2. HP: 22/22 MP: 2/2
   482 | D:1      | Reached skill level 1 in Armour
   922 | D:2      | Gained mutation: You have large cloven feet. [demonic ancestry]
   922 | D:2      | Reached XP level 3. HP: 27/27 MP: 3/3
  1138 | D:2      | Found a stormy altar of Qazlal.
  1469 | D:2      | Found a hide-covered altar of Uskayaw.
  1787 | D:2      | Gained mutation: You regenerate a little health from kills. [demonic ancestry]
  1787 | D:2      | Reached XP level 4. HP: 33/33 MP: 4/4
  1862 | D:2      | Noticed Natasha
  1882 | D:2      | Killed Natasha
  2065 | D:3      | Noticed Ikesh's ghost (amateur FoEn)
  2091 | D:3      | Killed Ikesh's ghost
  2091 | D:3      | Gained mutation: You have hoof-like feet. [demonic ancestry]
  2091 | D:3      | Reached XP level 5. HP: 26/39 MP: 5/5
  2105 | D:3      | Found a white marble altar of Elyvilon.
  2329 | D:3      | Found an ancient bone altar of Kikubaaqudgha.
  2447 | D:4      | Found Lyludext's Gadget Emporium.
  2528 | D:4      | Noticed an ogre
  2766 | D:4      | Found an iron altar of Okawaru.
  2834 | D:4      | Found a sparkling altar of Nemelex Xobeh.
  2941 | D:4      | Gained mutation: When seriously injured, your bleeding wounds create thick armour. (AC +12) [demonic ancestry]
  2941 | D:4      | Reached XP level 6. HP: 46/46 MP: 6/6
  3025 | D:4      | Found a staircase to the Ecumenical Temple.
  3048 | Temple   | Entered the Ecumenical Temple
  3055 | Temple   | Became a worshipper of Gozag Ym Sagoz the Greedy
  3096 | D:4      | Reached skill level 5 in Axes
  3284 | D:4      | Found a burning altar of Makhleb.
  3350 | D:5      | Entered Level 5 of the Dungeon
  3453 | D:5      | Gained mutation: You regenerate health from kills. [demonic ancestry]
  3453 | D:5      | Reached XP level 7. HP: 48/52 MP: 7/7
  3913 | D:5      | Found a blossoming altar of Fedhas.
  3913 | D:5      | Noticed Blork the orc
  3948 | D:5      | Killed Blork the orc
  4109 | D:5      | Gained mutation: You have hooves in place of feet. [demonic ancestry]
  4109 | D:5      | Reached XP level 8. HP: 41/59 MP: 8/8
  4287 | D:5      | Noticed a troll
  4299 | D:5      | Killed a troll
  4300 | D:5      | Reached skill level 5 in Armour
  5436 | D:6      | Found a glowing silver altar of Zin.
  5534 | D:6      | Reached XP level 9. HP: 66/66 MP: 9/9
  6027 | D:7      | Found Arrillaf's Antique Armour Shoppe.
  6534 | D:7      | Found a shadowy altar of Dithmenos.
  6851 | D:8      | Found a bloodstained altar of Trog.
  7030 | D:8      | Reached skill level 5 in Fighting
  7223 | D:8      | Found a sacrificial altar of Ru.
  7515 | D:8      | Found a glowing golden altar of the Shining One.
  7800 | D:9      | Noticed Joseph
  8157 | D:9      | Killed Joseph
  8157 | D:9      | Gained mutation: Your flesh is cold resistant. (rC+) [demonic ancestry]
  8157 | D:9      | Reached XP level 10. HP: 64/76 MP: 10/10
  8508 | D:9      | Noticed Erica
  8518 | D:9      | Killed Erica
  8572 | D:10     | Entered Level 10 of the Dungeon
  8610 | D:10     | Found Lomeir's Distillery.
  8621 | D:10     | Bought a potion of heal wounds for 80 gold pieces
  8621 | D:10     | Bought a potion of heal wounds for 80 gold pieces
  8621 | D:10     | Bought a potion of heal wounds for 80 gold pieces
  8779 | D:10     | Reached skill level 10 in Axes
  8811 | D:10     | Found a staircase to the Orcish Mines.
  8854 | D:10     | Found a glowing golden altar of the Shining One.
  8854 | D:10     | Found a runed door.
  8854 | D:10     | Noticed an angel
  9194 | D:11     | Noticed a two-headed ogre
  9210 | D:11     | Killed a two-headed ogre
  9602 | D:11     | Gained mutation: You regenerate a lot of health from kills. [demonic ancestry]
  9602 | D:11     | Reached XP level 11. HP: 52/82 MP: 7/11
  9708 | D:11     | Noticed a two-headed ogre
  9714 | D:11     | Killed a two-headed ogre
  9714 | D:11     | Reached skill level 10 in Armour
  9897 | D:11     | Found a staircase to the Lair.
 10033 | D:11     | Noticed an eight-headed hydra
 10123 | Orc:1    | Entered Level 1 of the Orcish Mines
 10123 | Orc:1    | Found Doqer's Armour Emporium.
 10313 | Orc:1    | Found Demuing's Food Shop.
 10332 | Orc:1    | Found Lusuc's Antique Armour Emporium.
 10635 | Orc:2    | Entered Level 2 of the Orcish Mines
 10635 | Orc:2    | Found a staircase to the Elven Halls.
 10775 | Orc:2    | Noticed an orc knight
 11060 | Orc:2    | Found Kick's General Store.
 11113 | Orc:2    | Killed an orc knight
 11283 | Orc:2    | Noticed an orc knight
 11618 | Orc:2    | Found Iciomi's Magic Scroll Shop.
 12098 | Orc:2    | Found Jutsinte's Food Boutique.
 12187 | Orc:2    | Noticed an orc sorcerer
 12201 | Orc:2    | Killed an orc sorcerer
 12302 | Orc:2    | Bought a scroll of acquirement for 676 gold pieces
 12426 | Orc:2    | Noticed an orc knight
 12523 | Orc:2    | Noticed an orc sorcerer
 12524 | Orc:2    | Noticed an orc sorcerer
 12524 | Orc:2    | Noticed an orc sorcerer
 12526 | Orc:2    | Noticed an orc high priest
 12527 | Orc:2    | Noticed a sun demon
 12539 | Orc:2    | Paralysed by an orc sorcerer for 5 turns
 13490 | D:12     | Gained mutation: When seriously injured, your bleeding wounds create very thick armour. (AC +12) [demonic ancestry]
 13490 | D:12     | Reached XP level 12. HP: 83/91 MP: 12/12
 13777 | D:12     | Noticed a centaur warrior
 13786 | D:12     | Killed a centaur warrior
 13877 | D:12     | Got a transparent ring mail
 13888 | D:12     | Identified the +5 ring mail of Odaemula {rN+} (You found it on level 12 of the Dungeon)
 13903 | D:12     | Noticed a centaur warrior
 13912 | D:12     | Killed a centaur warrior
 13912 | D:12     | Noticed a two-headed ogre
 13915 | D:12     | Found a runed door.
 13915 | D:12     | Found a runed door.
 13920 | D:12     | Killed a two-headed ogre
 13922 | D:12     | Noticed a fire dragon
 13922 | D:12     | Noticed a two-headed ogre
 13944 | D:12     | Killed a fire dragon
 13955 | D:12     | Killed a two-headed ogre
 14120 | D:12     | Got a polished morningstar {flame}
 14121 | D:12     | Identified the +7 morningstar of Nudiusuch {flame, Int+2} (You took it off an orc knight on level 12 of the Dungeon)
 14362 | D:12     | Noticed a two-headed ogre
 14366 | D:12     | Killed a two-headed ogre
 14447 | D:13     | Noticed a centaur warrior
 14457 | D:13     | Killed a centaur warrior
 14505 | D:13     | Reached XP level 13. HP: 82/101 MP: 13/13
 14708 | D:13     | Reached skill level 5 in Dodging
 15177 | D:14     | Found a stormy altar of Qazlal.
 15314 | D:14     | Found a sacrificial altar of Ru.
 15333 | D:14     | Reached skill level 10 in Fighting
 15335 | D:14     | Noticed Rupert
 15343 | D:14     | Paralysed by Rupert for 7 turns
 15455 | D:14     | Bought a blackened iron ring for 145 gold pieces
 15603 | D:14     | Found a gate to the Vaults.
 16060 | D:14     | Paralysed by Rupert for 3 turns
 16702 | Lair:1   | Entered Level 1 of the Lair of Beasts
 18393 | Lair:2   | HP: 4/106 [crocodile (12)]
 18412 | Lair:2   | HP: 4/106 [blink frog (12)]
 18416 | Lair:2   | HP: 1/106 [poisoned by a spiny frog]
 18417 | Lair:2   | Succumbed to a spiny frog's poison

Vault maps used:
D:1:      dpeg_chamrin_arrival_tetris
D:2:      nicolae_overflow_crystal_walls, lemuel_coloured_pillars_altar,
          kennysheep_big_empty_room, nicolae_underground_beach, uniq_natasha
D:3:      elyvilon_altar_4, old_standard_altar
D:4:      corexii_shack_village, kennysheep_mini, lightli_temple_of_fire,
          minmay_temple_entry_statues_pillars, first_ration, serial_shops, shop,
          okawaru_ov_weapons_minmay
D:5:      fedhas_altar_1, uniq_blork_the_orc
D:6:      overflow_temple_1_default
D:7:      grunt_dithmenos_smoke_and_mirrors, serial_shops,
          nicolae_shop_overgrown_old_shop, the_bakery
D:8:      bloody_trog, marbit_many_paths, lemuel_crystal_altar
D:9:      uniq_joseph, uniq_erica
D:10:     orc_0_dummy, serial_shops, nicolae_shop_stone, lemuel_angel_altar
D:11:     david_lair_shrubbed
D:12:     minmay_the_grid_triangle_9x9_line_8_mashed, minmay_diamond_spiral
D:13:     st_stairs_9
D:14:     erik_vaults_1, nicolae_ru_awakened_eye, grunt_qazlal_clouds,
          uniq_sonja, uniq_rupert
Temple:   compressed_dpeg_triangle_lava_temple
Lair:1:   beast_lair_carwin_1
Lair:2:   elwin_shoals_entry_stream, portal_ice_cave_demonic_guard,
          beast_lair_carwin_6, minmay_lair_oklob_chamber
Orc:1:    serial_shops, shop, shop_statue, shop
Orc:2:    pf_orc_diabolical, serial_shops, shop_statue,
          statue_in_the_mist_lemuel

Skill      XL: |  1  2  3  4  5  6  7  8  9 10 11 12 13 |
---------------+----------------------------------------+-----
Dodging        | 3 4 6 |  6.1
Axes           | 3 4 5 6 7 9 10 11 13 | 13.3
Armour         | 1 2 3 4 6 8 9 11 12 13 | 13.1
Fighting       | 3 4 5 6 8 9 11 | 11.2
Throwing       | |  1.9
Stealth        | |  0.2

Action                   |  1- 3 |  4- 6 |  7- 9 | 10-12 | 13-15 || total
-------------------------+-------+-------+-------+-------+-------++-------
Melee: War axe           |   120 |   200 |   301 |       |       ||   621
       Kick              |       |       |   106 |   296 |    99 ||   501
       Hand axe          |       |       |   182 |   614 |       ||   796
       Battleaxe         |       |       |       |   139 |       ||   139
       Morningstar       |       |       |       |    66 |   300 ||   366
Throw: Throwing net      |       |     1 |     3 |       |       ||     4
Invok: Call Merchant     |       |       |       |     1 |     1 ||     2
       Potion Petition   |       |       |       |       |     4 ||     4
Evoke: Wand              |       |       |       |     3 |     1 ||     4
  Use: Scroll            |       |     5 |     1 |     7 |     8 ||    21
       Potion            |       |       |     7 |     1 |     6 ||    14
 Stab: Sleeping          |     1 |       |       |       |       ||     1
       Distracted        |       |       |     2 |     4 |     1 ||     7
       Invisible         |       |       |       |       |     2 ||     2
       Petrified         |       |       |       |       |     1 ||     1
  Eat: Chunk             |     3 |     5 |       |       |       ||     8
       Ration            |       |       |     5 |     7 |     5 ||    17
Armor: Leather armour    |    17 |       |       |       |       ||    17
       Chain mail        |    19 |       |       |       |       ||    19
       Plate armour      |    45 |   221 |   360 |   519 |       ||  1145
       Skin              |       |       |     9 |       |       ||     9
       Ring mail         |       |       |       |    79 |   200 ||   279
Dodge: Dodged            |    76 |    70 |   183 |   320 |   233 ||   882

Table legend:
 A = Spawn XP
 B = Non-spawn XP
 C = Spawn XP percentage of total XP
 D = Spawn monster count
 E = Non-spawn monster count
 F = Spawn count percentage of total count
 G = Total turns spent on level
                    A         B        C        D         E        F      G
               +---------+---------+-------+---------+---------+-------+---------
         Total |       0 |   57770 |   0.0 |       0 |     465 |   0.0 | 18417
               +---------+---------+-------+---------+---------+-------+---------
           D:1 |       0 |      39 |   0.0 |       0 |      27 |   0.0 |   920
           D:2 |       0 |      94 |   0.0 |       0 |      19 |   0.0 |  1104
           D:3 |       0 |     162 |   0.0 |       0 |      21 |   0.0 |   612
           D:4 |       0 |     355 |   0.0 |       0 |      19 |   0.0 |   699
           D:5 |       0 |    1403 |   0.0 |       0 |      24 |   0.0 |  1619
           D:6 |       0 |     754 |   0.0 |       0 |      16 |   0.0 |   757
           D:7 |       0 |    1213 |   0.0 |       0 |      27 |   0.0 |  1116
           D:8 |       0 |     569 |   0.0 |       0 |      19 |   0.0 |   740
           D:9 |       0 |    2422 |   0.0 |       0 |      21 |   0.0 |   990
          D:10 |       0 |    1991 |   0.0 |       0 |      23 |   0.0 |   697
          D:11 |       0 |    4906 |   0.0 |       0 |      28 |   0.0 |  1166
          D:12 |       0 |   14620 |   0.0 |       0 |      49 |   0.0 |  1389
          D:13 |       0 |    7366 |   0.0 |       0 |      35 |   0.0 |   967
          D:14 |       0 |    8492 |   0.0 |       0 |      31 |   0.0 |  1255
        Lair:1 |       0 |    3845 |   0.0 |       0 |      20 |   0.0 |  1503
        Lair:2 |       0 |    3388 |   0.0 |       0 |      13 |   0.0 |   212
         Orc:1 |       0 |    1189 |   0.0 |       0 |      20 |   0.0 |  1127
         Orc:2 |       0 |    4962 |   0.0 |       0 |      53 |   0.0 |  1529
               +---------+---------+-------+---------+---------+-------+---------
